%YAML 1.1
%TAG !u! tag:unity3d.com,2011:
--- !u!1 &1439266847006525039
GameObject:
  m_ObjectHideFlags: 0
  m_CorrespondingSourceObject: {fileID: 0}
  m_PrefabInstance: {fileID: 0}
  m_PrefabAsset: {fileID: 0}
  serializedVersion: 6
  m_Component:
  - component: {fileID: 618354925792633574}
  m_Layer: 5
  m_Name: MessagesContainer
  m_TagString: Untagged
  m_Icon: {fileID: 0}
  m_NavMeshLayer: 0
  m_StaticEditorFlags: 0
  m_IsActive: 1
--- !u!224 &618354925792633574
RectTransform:
  m_ObjectHideFlags: 0
  m_CorrespondingSourceObject: {fileID: 0}
  m_PrefabInstance: {fileID: 0}
  m_PrefabAsset: {fileID: 0}
  m_GameObject: {fileID: 1439266847006525039}
  m_LocalRotation: {x: -0, y: -0, z: -0, w: 1}
  m_LocalPosition: {x: 0, y: 0, z: 0}
  m_LocalScale: {x: 0.007, y: 0.007, z: 0.007}
  m_ConstrainProportionsScale: 0
  m_Children:
  - {fileID: 6113851068101072217}
  - {fileID: 902990235875334545}
  m_Father: {fileID: 7798836156247134294}
  m_RootOrder: 4
  m_LocalEulerAnglesHint: {x: 0, y: 0, z: 0}
  m_AnchorMin: {x: 0.5, y: 0.5}
  m_AnchorMax: {x: 0.5, y: 0.5}
  m_AnchoredPosition: {x: 0, y: 0.8649837}
  m_SizeDelta: {x: 100, y: 100}
  m_Pivot: {x: 0.5, y: 0.5}
--- !u!1 &2246280781562494885
GameObject:
  m_ObjectHideFlags: 0
  m_CorrespondingSourceObject: {fileID: 0}
  m_PrefabInstance: {fileID: 0}
  m_PrefabAsset: {fileID: 0}
  serializedVersion: 6
  m_Component:
  - component: {fileID: 9203049770332738888}
  - component: {fileID: 7358861767340743224}
  - component: {fileID: 1734549744139377554}
  - component: {fileID: 8738324592208255841}
  - component: {fileID: 5216554626233671390}
  m_Layer: 5
  m_Name: AutoRotating
  m_TagString: Untagged
  m_Icon: {fileID: 0}
  m_NavMeshLayer: 0
  m_StaticEditorFlags: 0
  m_IsActive: 1
--- !u!224 &9203049770332738888
RectTransform:
  m_ObjectHideFlags: 0
  m_CorrespondingSourceObject: {fileID: 0}
  m_PrefabInstance: {fileID: 0}
  m_PrefabAsset: {fileID: 0}
  m_GameObject: {fileID: 2246280781562494885}
  m_LocalRotation: {x: 0.7071068, y: -0, z: -0, w: 0.7071068}
  m_LocalPosition: {x: 0, y: 0, z: 0}
  m_LocalScale: {x: 1, y: 1, z: 1}
  m_ConstrainProportionsScale: 0
  m_Children: []
  m_Father: {fileID: 7798836156247134294}
  m_RootOrder: 0
  m_LocalEulerAnglesHint: {x: 0, y: 0, z: 0}
  m_AnchorMin: {x: 0.5, y: 0.5}
  m_AnchorMax: {x: 0.5, y: 0.5}
  m_AnchoredPosition: {x: -0.5999595, y: 1.8999949}
  m_SizeDelta: {x: 100, y: 100}
  m_Pivot: {x: 0.5, y: 0.5}
--- !u!114 &7358861767340743224
MonoBehaviour:
  m_ObjectHideFlags: 0
  m_CorrespondingSourceObject: {fileID: 0}
  m_PrefabInstance: {fileID: 0}
  m_PrefabAsset: {fileID: 0}
  m_GameObject: {fileID: 2246280781562494885}
  m_Enabled: 1
  m_EditorHideFlags: 0
  m_Script: {fileID: 11500000, guid: 0aa26a1350ad4818836d35f9230b4896, type: 3}
  m_Name: 
  m_EditorClassIdentifier: 
  <Enabled>k__BackingField:
    m_PersistentCalls:
      m_Calls: []
  <Disabled>k__BackingField:
    m_PersistentCalls:
      m_Calls: []
  _rotatingObject: {fileID: 7798836156247134294}
  _cameraProvider: {fileID: 1734549744139377554}
  _observables:
  - {fileID: 8738324592208255841}
  _filters:
  - {fileID: 5216554626233671390}
--- !u!114 &1734549744139377554
MonoBehaviour:
  m_ObjectHideFlags: 0
  m_CorrespondingSourceObject: {fileID: 0}
  m_PrefabInstance: {fileID: 0}
  m_PrefabAsset: {fileID: 0}
  m_GameObject: {fileID: 2246280781562494885}
  m_Enabled: 1
  m_EditorHideFlags: 0
  m_Script: {fileID: 11500000, guid: d782761c939d4ab08a50a3a37b84d00f, type: 3}
  m_Name: 
  m_EditorClassIdentifier: 
  _providingType: 5
  _serializeCamera: {fileID: 0}
  _cameraObjectTag: BattleCamera
  _cameraObjectName: 
--- !u!114 &8738324592208255841
MonoBehaviour:
  m_ObjectHideFlags: 0
  m_CorrespondingSourceObject: {fileID: 0}
  m_PrefabInstance: {fileID: 0}
  m_PrefabAsset: {fileID: 0}
  m_GameObject: {fileID: 2246280781562494885}
  m_Enabled: 1
  m_EditorHideFlags: 0
  m_Script: {fileID: 11500000, guid: e26c6b33bdd74c0da100f958bc97ccfc, type: 3}
  m_Name: 
  m_EditorClassIdentifier: 
  <Enabled>k__BackingField:
    m_PersistentCalls:
      m_Calls: []
  <Disabled>k__BackingField:
    m_PersistentCalls:
      m_Calls: []
  <Observable>k__BackingField: {fileID: 7798836156247134294}
  <Changed>k__BackingField:
    m_PersistentCalls:
      m_Calls: []
--- !u!114 &5216554626233671390
MonoBehaviour:
  m_ObjectHideFlags: 0
  m_CorrespondingSourceObject: {fileID: 0}
  m_PrefabInstance: {fileID: 0}
  m_PrefabAsset: {fileID: 0}
  m_GameObject: {fileID: 2246280781562494885}
  m_Enabled: 1
  m_EditorHideFlags: 0
  m_Script: {fileID: 11500000, guid: b7811c43487f4300849979c7bbaaa59f, type: 3}
  m_Name: 
  m_EditorClassIdentifier: 
  <Enabled>k__BackingField:
    m_PersistentCalls:
      m_Calls: []
  <Disabled>k__BackingField:
    m_PersistentCalls:
      m_Calls: []
  _x: 0
  _y: 0
  _z: 0
--- !u!1 &3576212462000505912
GameObject:
  m_ObjectHideFlags: 0
  m_CorrespondingSourceObject: {fileID: 0}
  m_PrefabInstance: {fileID: 0}
  m_PrefabAsset: {fileID: 0}
  serializedVersion: 6
  m_Component:
  - component: {fileID: 3555262224794915765}
  - component: {fileID: 323570091808353044}
  - component: {fileID: 3381145431829578919}
  m_Layer: 5
  m_Name: Text
  m_TagString: Untagged
  m_Icon: {fileID: 0}
  m_NavMeshLayer: 0
  m_StaticEditorFlags: 0
  m_IsActive: 1
--- !u!224 &3555262224794915765
RectTransform:
  m_ObjectHideFlags: 0
  m_CorrespondingSourceObject: {fileID: 0}
  m_PrefabInstance: {fileID: 0}
  m_PrefabAsset: {fileID: 0}
  m_GameObject: {fileID: 3576212462000505912}
  m_LocalRotation: {x: -0, y: -0, z: -0, w: 1}
  m_LocalPosition: {x: 0, y: 0, z: 0}
  m_LocalScale: {x: 1, y: 1, z: 1}
  m_ConstrainProportionsScale: 0
  m_Children: []
  m_Father: {fileID: 902990235875334545}
  m_RootOrder: 0
  m_LocalEulerAnglesHint: {x: 0, y: 0, z: 0}
  m_AnchorMin: {x: 0.5, y: 0.5}
  m_AnchorMax: {x: 0.5, y: 0.5}
  m_AnchoredPosition: {x: 0, y: 0}
  m_SizeDelta: {x: 280, y: 60}
  m_Pivot: {x: 0.5, y: 0.5}
--- !u!222 &323570091808353044
CanvasRenderer:
  m_ObjectHideFlags: 0
  m_CorrespondingSourceObject: {fileID: 0}
  m_PrefabInstance: {fileID: 0}
  m_PrefabAsset: {fileID: 0}
  m_GameObject: {fileID: 3576212462000505912}
  m_CullTransparentMesh: 1
--- !u!114 &3381145431829578919
MonoBehaviour:
  m_ObjectHideFlags: 0
  m_CorrespondingSourceObject: {fileID: 0}
  m_PrefabInstance: {fileID: 0}
  m_PrefabAsset: {fileID: 0}
  m_GameObject: {fileID: 3576212462000505912}
  m_Enabled: 1
  m_EditorHideFlags: 0
  m_Script: {fileID: 11500000, guid: f4688fdb7df04437aeb418b961361dc5, type: 3}
  m_Name: 
  m_EditorClassIdentifier: 
  m_Material: {fileID: 2100000, guid: 73cfd5c9ebde2b4479dac68c9412ad83, type: 2}
  m_Color: {r: 1, g: 1, b: 1, a: 1}
  m_RaycastTarget: 0
  m_RaycastPadding: {x: 0, y: 0, z: 0, w: 0}
  m_Maskable: 1
  m_OnCullStateChanged:
    m_PersistentCalls:
      m_Calls: []
  m_text: DETONATION
  m_isRightToLeft: 0
  m_fontAsset: {fileID: 11400000, guid: 3429ad50183211542b724a6444ad3d03, type: 2}
  m_sharedMaterial: {fileID: 2100000, guid: 73cfd5c9ebde2b4479dac68c9412ad83, type: 2}
  m_fontSharedMaterials: []
  m_fontMaterial: {fileID: 0}
  m_fontMaterials: []
  m_fontColor32:
    serializedVersion: 2
    rgba: 16777215
  m_fontColor: {r: 1, g: 1, b: 1, a: 0}
  m_enableVertexGradient: 0
  m_colorMode: 3
  m_fontColorGradient:
    topLeft: {r: 1, g: 1, b: 1, a: 1}
    topRight: {r: 1, g: 1, b: 1, a: 1}
    bottomLeft: {r: 1, g: 1, b: 1, a: 1}
    bottomRight: {r: 1, g: 1, b: 1, a: 1}
  m_fontColorGradientPreset: {fileID: 0}
  m_spriteAsset: {fileID: 0}
  m_tintAllSprites: 0
  m_StyleSheet: {fileID: 0}
  m_TextStyleHashCode: -1183493901
  m_overrideHtmlColors: 0
  m_faceColor:
    serializedVersion: 2
    rgba: 4294967295
  m_fontSize: 35
  m_fontSizeBase: 35
  m_fontWeight: 400
  m_enableAutoSizing: 0
  m_fontSizeMin: 18
  m_fontSizeMax: 72
  m_fontStyle: 0
  m_HorizontalAlignment: 2
  m_VerticalAlignment: 512
  m_textAlignment: 65535
  m_characterSpacing: 0
  m_wordSpacing: 0
  m_lineSpacing: 0
  m_lineSpacingMax: 0
  m_paragraphSpacing: 0
  m_charWidthMaxAdj: 0
  m_enableWordWrapping: 0
  m_wordWrappingRatios: 0.4
  m_overflowMode: 0
  m_linkedTextComponent: {fileID: 0}
  parentLinkedComponent: {fileID: 0}
  m_enableKerning: 1
  m_enableExtraPadding: 0
  checkPaddingRequired: 0
  m_isRichText: 0
  m_parseCtrlCharacters: 1
  m_isOrthographic: 1
  m_isCullingEnabled: 0
  m_horizontalMapping: 0
  m_verticalMapping: 0
  m_uvLineOffset: 0
  m_geometrySortingOrder: 0
  m_IsTextObjectScaleStatic: 0
  m_VertexBufferAutoSizeReduction: 0
  m_useMaxVisibleDescender: 1
  m_pageToDisplay: 1
  m_margin: {x: 0, y: 0, z: 0, w: 0}
  m_isUsingLegacyAnimationComponent: 0
  m_isVolumetricText: 0
  m_hasFontAssetChanged: 0
  m_baseMaterial: {fileID: 0}
  m_maskOffset: {x: 0, y: 0, z: 0, w: 0}
--- !u!1 &4756699245276158129
GameObject:
  m_ObjectHideFlags: 0
  m_CorrespondingSourceObject: {fileID: 0}
  m_PrefabInstance: {fileID: 0}
  m_PrefabAsset: {fileID: 0}
  serializedVersion: 6
  m_Component:
  - component: {fileID: 902990235875334545}
  - component: {fileID: 1770271282086777094}
  - component: {fileID: 3393257607698977262}
  m_Layer: 5
  m_Name: UIEffectMessage
  m_TagString: Untagged
  m_Icon: {fileID: 0}
  m_NavMeshLayer: 0
  m_StaticEditorFlags: 0
  m_IsActive: 1
--- !u!224 &902990235875334545
RectTransform:
  m_ObjectHideFlags: 0
  m_CorrespondingSourceObject: {fileID: 0}
  m_PrefabInstance: {fileID: 0}
  m_PrefabAsset: {fileID: 0}
  m_GameObject: {fileID: 4756699245276158129}
  m_LocalRotation: {x: -0, y: -0, z: -0, w: 1}
  m_LocalPosition: {x: 0, y: 0, z: 0}
  m_LocalScale: {x: 1, y: 1, z: 1}
  m_ConstrainProportionsScale: 0
  m_Children:
  - {fileID: 3555262224794915765}
  m_Father: {fileID: 618354925792633574}
  m_RootOrder: 1
  m_LocalEulerAnglesHint: {x: 0, y: 0, z: 0}
  m_AnchorMin: {x: 0.5, y: 0}
  m_AnchorMax: {x: 0.5, y: 0}
  m_AnchoredPosition: {x: 0, y: 21}
  m_SizeDelta: {x: 280, y: 60}
  m_Pivot: {x: 0.5, y: 0}
--- !u!222 &1770271282086777094
CanvasRenderer:
  m_ObjectHideFlags: 0
  m_CorrespondingSourceObject: {fileID: 0}
  m_PrefabInstance: {fileID: 0}
  m_PrefabAsset: {fileID: 0}
  m_GameObject: {fileID: 4756699245276158129}
  m_CullTransparentMesh: 1
--- !u!114 &3393257607698977262
MonoBehaviour:
  m_ObjectHideFlags: 0
  m_CorrespondingSourceObject: {fileID: 0}
  m_PrefabInstance: {fileID: 0}
  m_PrefabAsset: {fileID: 0}
  m_GameObject: {fileID: 4756699245276158129}
  m_Enabled: 1
  m_EditorHideFlags: 0
  m_Script: {fileID: 11500000, guid: da70327047419df409030093839c6550, type: 3}
  m_Name: 
  m_EditorClassIdentifier: 
  Text: {fileID: 3381145431829578919}
  RedGlowMaterial: {fileID: 2100000, guid: 73cfd5c9ebde2b4479dac68c9412ad83, type: 2}
  BlueGlowMaterial: {fileID: 2100000, guid: a16638f8f7352064ca53e09969ecc340, type: 2}
  _fadeTime: 0.3
  _showDuration: 1
  _endLocalPosition: {x: 0, y: 80, z: 0}
--- !u!1 &6308675107999045074
GameObject:
  m_ObjectHideFlags: 0
  m_CorrespondingSourceObject: {fileID: 0}
  m_PrefabInstance: {fileID: 0}
  m_PrefabAsset: {fileID: 0}
  serializedVersion: 6
  m_Component:
  - component: {fileID: 7798836156247134294}
  - component: {fileID: 4907729771963257295}
  - component: {fileID: 4716972979857620831}
  - component: {fileID: 3250999472165991638}
  m_Layer: 0
  m_Name: UnitStateLayout
  m_TagString: Untagged
  m_Icon: {fileID: 0}
  m_NavMeshLayer: 0
  m_StaticEditorFlags: 0
  m_IsActive: 1
--- !u!224 &7798836156247134294
RectTransform:
  m_ObjectHideFlags: 0
  m_CorrespondingSourceObject: {fileID: 0}
  m_PrefabInstance: {fileID: 0}
  m_PrefabAsset: {fileID: 0}
  m_GameObject: {fileID: 6308675107999045074}
  m_LocalRotation: {x: -0, y: -0, z: -0, w: 1}
  m_LocalPosition: {x: 0, y: 0, z: 0}
  m_LocalScale: {x: 1, y: 1, z: 1}
  m_ConstrainProportionsScale: 0
  m_Children:
  - {fileID: 9203049770332738888}
  - {fileID: 9142371127941331929}
  - {fileID: 2502523133582979759}
  - {fileID: 8500563629224133932}
  - {fileID: 618354925792633574}
  m_Father: {fileID: 0}
  m_RootOrder: 0
  m_LocalEulerAnglesHint: {x: 0, y: 0, z: 0}
  m_AnchorMin: {x: 0.5, y: 0.5}
  m_AnchorMax: {x: 0.5, y: 0.5}
  m_AnchoredPosition: {x: 0, y: 2}
  m_SizeDelta: {x: 1.2, y: 1.2}
  m_Pivot: {x: 0.5, y: 0.5}
--- !u!223 &4907729771963257295
Canvas:
  m_ObjectHideFlags: 0
  m_CorrespondingSourceObject: {fileID: 0}
  m_PrefabInstance: {fileID: 0}
  m_PrefabAsset: {fileID: 0}
  m_GameObject: {fileID: 6308675107999045074}
  m_Enabled: 1
  serializedVersion: 3
  m_RenderMode: 2
  m_Camera: {fileID: 0}
  m_PlaneDistance: 100
  m_PixelPerfect: 0
  m_ReceivesEvents: 1
  m_OverrideSorting: 0
  m_OverridePixelPerfect: 0
  m_SortingBucketNormalizedSize: 0
  m_AdditionalShaderChannelsFlag: 25
  m_SortingLayerID: 0
  m_SortingOrder: 5001
  m_TargetDisplay: 0
--- !u!114 &4716972979857620831
MonoBehaviour:
  m_ObjectHideFlags: 0
  m_CorrespondingSourceObject: {fileID: 0}
  m_PrefabInstance: {fileID: 0}
  m_PrefabAsset: {fileID: 0}
  m_GameObject: {fileID: 6308675107999045074}
  m_Enabled: 1
  m_EditorHideFlags: 0
  m_Script: {fileID: 11500000, guid: 9d678d7f779631a44958ad88a3b604ba, type: 3}
  m_Name: 
  m_EditorClassIdentifier: 
  <FxContainer>k__BackingField: {fileID: 2502523133582979759}
  <UnitName>k__BackingField: {fileID: 6196527127061638529}
  <NameColors>k__BackingField: {fileID: 1588616488315885939}
  <HealthBar>k__BackingField: {fileID: 574898457853012315}
  <EnergyBar>k__BackingField: {fileID: 3953902852757846184}
  <BarAutoFader>k__BackingField: {fileID: 8233855501238786282}
  <BulletsView>k__BackingField: {fileID: 5379541035967690608}
  <StaminaBar>k__BackingField: {fileID: 7803529948961109940}
  <EnemyEffectsView>k__BackingField: {fileID: 7458487704760244577}
  <EmotionUnitView>k__BackingField: {fileID: 3250999472165991638}
  <EffectMessage>k__BackingField: {fileID: 3393257607698977262}
--- !u!114 &3250999472165991638
MonoBehaviour:
  m_ObjectHideFlags: 0
  m_CorrespondingSourceObject: {fileID: 0}
  m_PrefabInstance: {fileID: 0}
  m_PrefabAsset: {fileID: 0}
  m_GameObject: {fileID: 6308675107999045074}
  m_Enabled: 1
  m_EditorHideFlags: 0
  m_Script: {fileID: 11500000, guid: 8a3e4ed8e8ef4659bb1c3304c4807296, type: 3}
  m_Name: 
  m_EditorClassIdentifier: 
  _messageLayout: {fileID: 1897109664512709753}
  _text:
  - {fileID: 6469706767315565961}
  - {fileID: 8555975254526347375}
  _defaultIcon: {fileID: 6772705439696243460}
  _glowingIcon: {fileID: 6938033497541516882}
--- !u!1001 &3471962984108723624
PrefabInstance:
  m_ObjectHideFlags: 0
  serializedVersion: 2
  m_Modification:
    m_TransformParent: {fileID: 2502523133582979759}
    m_Modifications:
    - target: {fileID: 4195930692735073059, guid: 80e6aece0e4b3e84cb5bd02e1073a042, type: 3}
      propertyPath: m_Pivot.x
      value: 0.5
      objectReference: {fileID: 0}
    - target: {fileID: 4195930692735073059, guid: 80e6aece0e4b3e84cb5bd02e1073a042, type: 3}
      propertyPath: m_Pivot.y
      value: 0
      objectReference: {fileID: 0}
    - target: {fileID: 4195930692735073059, guid: 80e6aece0e4b3e84cb5bd02e1073a042, type: 3}
      propertyPath: m_RootOrder
      value: 1
      objectReference: {fileID: 0}
    - target: {fileID: 4195930692735073059, guid: 80e6aece0e4b3e84cb5bd02e1073a042, type: 3}
      propertyPath: m_AnchorMax.x
      value: 0.5
      objectReference: {fileID: 0}
    - target: {fileID: 4195930692735073059, guid: 80e6aece0e4b3e84cb5bd02e1073a042, type: 3}
      propertyPath: m_AnchorMax.y
      value: 1
      objectReference: {fileID: 0}
    - target: {fileID: 4195930692735073059, guid: 80e6aece0e4b3e84cb5bd02e1073a042, type: 3}
      propertyPath: m_AnchorMin.x
      value: 0.5
      objectReference: {fileID: 0}
    - target: {fileID: 4195930692735073059, guid: 80e6aece0e4b3e84cb5bd02e1073a042, type: 3}
      propertyPath: m_AnchorMin.y
      value: 1
      objectReference: {fileID: 0}
    - target: {fileID: 4195930692735073059, guid: 80e6aece0e4b3e84cb5bd02e1073a042, type: 3}
      propertyPath: m_SizeDelta.x
      value: 0
      objectReference: {fileID: 0}
    - target: {fileID: 4195930692735073059, guid: 80e6aece0e4b3e84cb5bd02e1073a042, type: 3}
      propertyPath: m_SizeDelta.y
      value: 30
      objectReference: {fileID: 0}
    - target: {fileID: 4195930692735073059, guid: 80e6aece0e4b3e84cb5bd02e1073a042, type: 3}
      propertyPath: m_LocalScale.x
      value: 0.007
      objectReference: {fileID: 0}
    - target: {fileID: 4195930692735073059, guid: 80e6aece0e4b3e84cb5bd02e1073a042, type: 3}
      propertyPath: m_LocalScale.y
      value: 0.007
      objectReference: {fileID: 0}
    - target: {fileID: 4195930692735073059, guid: 80e6aece0e4b3e84cb5bd02e1073a042, type: 3}
      propertyPath: m_LocalScale.z
      value: 0.007
      objectReference: {fileID: 0}
    - target: {fileID: 4195930692735073059, guid: 80e6aece0e4b3e84cb5bd02e1073a042, type: 3}
      propertyPath: m_LocalPosition.x
      value: 0
      objectReference: {fileID: 0}
    - target: {fileID: 4195930692735073059, guid: 80e6aece0e4b3e84cb5bd02e1073a042, type: 3}
      propertyPath: m_LocalPosition.y
      value: 0
      objectReference: {fileID: 0}
    - target: {fileID: 4195930692735073059, guid: 80e6aece0e4b3e84cb5bd02e1073a042, type: 3}
      propertyPath: m_LocalPosition.z
      value: 0
      objectReference: {fileID: 0}
    - target: {fileID: 4195930692735073059, guid: 80e6aece0e4b3e84cb5bd02e1073a042, type: 3}
      propertyPath: m_LocalRotation.w
      value: 1
      objectReference: {fileID: 0}
    - target: {fileID: 4195930692735073059, guid: 80e6aece0e4b3e84cb5bd02e1073a042, type: 3}
      propertyPath: m_LocalRotation.x
      value: 0
      objectReference: {fileID: 0}
    - target: {fileID: 4195930692735073059, guid: 80e6aece0e4b3e84cb5bd02e1073a042, type: 3}
      propertyPath: m_LocalRotation.y
      value: 0
      objectReference: {fileID: 0}
    - target: {fileID: 4195930692735073059, guid: 80e6aece0e4b3e84cb5bd02e1073a042, type: 3}
      propertyPath: m_LocalRotation.z
      value: 0
      objectReference: {fileID: 0}
    - target: {fileID: 4195930692735073059, guid: 80e6aece0e4b3e84cb5bd02e1073a042, type: 3}
      propertyPath: m_AnchoredPosition.x
      value: 0
      objectReference: {fileID: 0}
    - target: {fileID: 4195930692735073059, guid: 80e6aece0e4b3e84cb5bd02e1073a042, type: 3}
      propertyPath: m_AnchoredPosition.y
      value: -0.35
      objectReference: {fileID: 0}
    - target: {fileID: 4195930692735073059, guid: 80e6aece0e4b3e84cb5bd02e1073a042, type: 3}
      propertyPath: m_LocalEulerAnglesHint.x
      value: 0
      objectReference: {fileID: 0}
    - target: {fileID: 4195930692735073059, guid: 80e6aece0e4b3e84cb5bd02e1073a042, type: 3}
      propertyPath: m_LocalEulerAnglesHint.y
      value: 0
      objectReference: {fileID: 0}
    - target: {fileID: 4195930692735073059, guid: 80e6aece0e4b3e84cb5bd02e1073a042, type: 3}
      propertyPath: m_LocalEulerAnglesHint.z
      value: 0
      objectReference: {fileID: 0}
    - target: {fileID: 7336539058733031465, guid: 80e6aece0e4b3e84cb5bd02e1073a042, type: 3}
      propertyPath: m_text
      value: Shellenberg 123425
      objectReference: {fileID: 0}
    - target: {fileID: 7336539058733031465, guid: 80e6aece0e4b3e84cb5bd02e1073a042, type: 3}
      propertyPath: m_fontSize
      value: 30
      objectReference: {fileID: 0}
    - target: {fileID: 7336539058733031465, guid: 80e6aece0e4b3e84cb5bd02e1073a042, type: 3}
      propertyPath: m_fontColor.b
      value: 0.5921569
      objectReference: {fileID: 0}
    - target: {fileID: 7336539058733031465, guid: 80e6aece0e4b3e84cb5bd02e1073a042, type: 3}
      propertyPath: m_fontColor.g
      value: 0.9372549
      objectReference: {fileID: 0}
    - target: {fileID: 7336539058733031465, guid: 80e6aece0e4b3e84cb5bd02e1073a042, type: 3}
      propertyPath: m_fontColor.r
      value: 0.31764707
      objectReference: {fileID: 0}
    - target: {fileID: 7336539058733031465, guid: 80e6aece0e4b3e84cb5bd02e1073a042, type: 3}
      propertyPath: m_fontSizeBase
      value: 30
      objectReference: {fileID: 0}
    - target: {fileID: 7336539058733031465, guid: 80e6aece0e4b3e84cb5bd02e1073a042, type: 3}
      propertyPath: m_fontColor32.rgba
      value: 4288147281
      objectReference: {fileID: 0}
    - target: {fileID: 8369461349368152463, guid: 80e6aece0e4b3e84cb5bd02e1073a042, type: 3}
      propertyPath: m_Name
      value: UnitName
      objectReference: {fileID: 0}
    - target: {fileID: 8369461349368152463, guid: 80e6aece0e4b3e84cb5bd02e1073a042, type: 3}
      propertyPath: m_IsActive
      value: 1
      objectReference: {fileID: 0}
    m_RemovedComponents: []
  m_SourcePrefab: {fileID: 100100000, guid: 80e6aece0e4b3e84cb5bd02e1073a042, type: 3}
--- !u!114 &1588616488315885939 stripped
MonoBehaviour:
  m_CorrespondingSourceObject: {fileID: 2748609431846425819, guid: 80e6aece0e4b3e84cb5bd02e1073a042, type: 3}
  m_PrefabInstance: {fileID: 3471962984108723624}
  m_PrefabAsset: {fileID: 0}
  m_GameObject: {fileID: 0}
  m_Enabled: 1
  m_EditorHideFlags: 0
  m_Script: {fileID: 11500000, guid: 0dfa878195794cd4b4812b98a97790ee, type: 3}
  m_Name: 
  m_EditorClassIdentifier: 
--- !u!114 &6196527127061638529 stripped
MonoBehaviour:
  m_CorrespondingSourceObject: {fileID: 7336539058733031465, guid: 80e6aece0e4b3e84cb5bd02e1073a042, type: 3}
  m_PrefabInstance: {fileID: 3471962984108723624}
  m_PrefabAsset: {fileID: 0}
  m_GameObject: {fileID: 0}
  m_Enabled: 1
  m_EditorHideFlags: 0
  m_Script: {fileID: 11500000, guid: f4688fdb7df04437aeb418b961361dc5, type: 3}
  m_Name: 
  m_EditorClassIdentifier: 
--- !u!1001 &3961547423343679916
PrefabInstance:
  m_ObjectHideFlags: 0
  serializedVersion: 2
  m_Modification:
    m_TransformParent: {fileID: 7798836156247134294}
    m_Modifications:
    - target: {fileID: 468245558081897084, guid: cafab88eff570fb4998ff8b42a3cf7ee, type: 3}
      propertyPath: m_IsActive
      value: 0
      objectReference: {fileID: 0}
    - target: {fileID: 1381378221843096895, guid: cafab88eff570fb4998ff8b42a3cf7ee, type: 3}
      propertyPath: m_AnchorMax.x
      value: 0
      objectReference: {fileID: 0}
    - target: {fileID: 1381378221843096895, guid: cafab88eff570fb4998ff8b42a3cf7ee, type: 3}
      propertyPath: m_AnchorMax.y
      value: 0
      objectReference: {fileID: 0}
    - target: {fileID: 1381378222041259263, guid: cafab88eff570fb4998ff8b42a3cf7ee, type: 3}
      propertyPath: m_AnchorMax.x
      value: 0
      objectReference: {fileID: 0}
    - target: {fileID: 1381378222041259263, guid: cafab88eff570fb4998ff8b42a3cf7ee, type: 3}
      propertyPath: m_AnchorMax.y
      value: 0
      objectReference: {fileID: 0}
    - target: {fileID: 4813936946703905366, guid: cafab88eff570fb4998ff8b42a3cf7ee, type: 3}
      propertyPath: m_AnchorMax.x
      value: 0
      objectReference: {fileID: 0}
    - target: {fileID: 4813936946703905366, guid: cafab88eff570fb4998ff8b42a3cf7ee, type: 3}
      propertyPath: m_AnchorMax.y
      value: 0
      objectReference: {fileID: 0}
    - target: {fileID: 5195470060629090923, guid: cafab88eff570fb4998ff8b42a3cf7ee, type: 3}
      propertyPath: m_Name
      value: UpperBars
      objectReference: {fileID: 0}
    - target: {fileID: 5195470060629090933, guid: cafab88eff570fb4998ff8b42a3cf7ee, type: 3}
      propertyPath: m_Pivot.x
      value: 0.5
      objectReference: {fileID: 0}
    - target: {fileID: 5195470060629090933, guid: cafab88eff570fb4998ff8b42a3cf7ee, type: 3}
      propertyPath: m_Pivot.y
      value: 0.5
      objectReference: {fileID: 0}
    - target: {fileID: 5195470060629090933, guid: cafab88eff570fb4998ff8b42a3cf7ee, type: 3}
      propertyPath: m_RootOrder
      value: 1
      objectReference: {fileID: 0}
    - target: {fileID: 5195470060629090933, guid: cafab88eff570fb4998ff8b42a3cf7ee, type: 3}
      propertyPath: m_AnchorMax.x
      value: 0.5
      objectReference: {fileID: 0}
    - target: {fileID: 5195470060629090933, guid: cafab88eff570fb4998ff8b42a3cf7ee, type: 3}
      propertyPath: m_AnchorMax.y
      value: 0.5
      objectReference: {fileID: 0}
    - target: {fileID: 5195470060629090933, guid: cafab88eff570fb4998ff8b42a3cf7ee, type: 3}
      propertyPath: m_AnchorMin.x
      value: 0.5
      objectReference: {fileID: 0}
    - target: {fileID: 5195470060629090933, guid: cafab88eff570fb4998ff8b42a3cf7ee, type: 3}
      propertyPath: m_AnchorMin.y
      value: 0.5
      objectReference: {fileID: 0}
    - target: {fileID: 5195470060629090933, guid: cafab88eff570fb4998ff8b42a3cf7ee, type: 3}
      propertyPath: m_SizeDelta.x
      value: 1.2
      objectReference: {fileID: 0}
    - target: {fileID: 5195470060629090933, guid: cafab88eff570fb4998ff8b42a3cf7ee, type: 3}
      propertyPath: m_SizeDelta.y
      value: 0.4
      objectReference: {fileID: 0}
    - target: {fileID: 5195470060629090933, guid: cafab88eff570fb4998ff8b42a3cf7ee, type: 3}
      propertyPath: m_LocalScale.x
      value: 0.007
      objectReference: {fileID: 0}
    - target: {fileID: 5195470060629090933, guid: cafab88eff570fb4998ff8b42a3cf7ee, type: 3}
      propertyPath: m_LocalScale.y
      value: 0.007
      objectReference: {fileID: 0}
    - target: {fileID: 5195470060629090933, guid: cafab88eff570fb4998ff8b42a3cf7ee, type: 3}
      propertyPath: m_LocalScale.z
      value: 0.007
      objectReference: {fileID: 0}
    - target: {fileID: 5195470060629090933, guid: cafab88eff570fb4998ff8b42a3cf7ee, type: 3}
      propertyPath: m_LocalPosition.x
      value: 0
      objectReference: {fileID: 0}
    - target: {fileID: 5195470060629090933, guid: cafab88eff570fb4998ff8b42a3cf7ee, type: 3}
      propertyPath: m_LocalPosition.y
      value: 0
      objectReference: {fileID: 0}
    - target: {fileID: 5195470060629090933, guid: cafab88eff570fb4998ff8b42a3cf7ee, type: 3}
      propertyPath: m_LocalPosition.z
      value: 0
      objectReference: {fileID: 0}
    - target: {fileID: 5195470060629090933, guid: cafab88eff570fb4998ff8b42a3cf7ee, type: 3}
      propertyPath: m_LocalRotation.w
      value: 1
      objectReference: {fileID: 0}
    - target: {fileID: 5195470060629090933, guid: cafab88eff570fb4998ff8b42a3cf7ee, type: 3}
      propertyPath: m_LocalRotation.x
      value: -0
      objectReference: {fileID: 0}
    - target: {fileID: 5195470060629090933, guid: cafab88eff570fb4998ff8b42a3cf7ee, type: 3}
      propertyPath: m_LocalRotation.y
      value: -0
      objectReference: {fileID: 0}
    - target: {fileID: 5195470060629090933, guid: cafab88eff570fb4998ff8b42a3cf7ee, type: 3}
      propertyPath: m_LocalRotation.z
      value: -0
      objectReference: {fileID: 0}
    - target: {fileID: 5195470060629090933, guid: cafab88eff570fb4998ff8b42a3cf7ee, type: 3}
      propertyPath: m_AnchoredPosition.x
      value: 0
      objectReference: {fileID: 0}
    - target: {fileID: 5195470060629090933, guid: cafab88eff570fb4998ff8b42a3cf7ee, type: 3}
      propertyPath: m_AnchoredPosition.y
      value: 0.3
      objectReference: {fileID: 0}
    - target: {fileID: 5195470060629090933, guid: cafab88eff570fb4998ff8b42a3cf7ee, type: 3}
      propertyPath: m_LocalEulerAnglesHint.x
      value: 0
      objectReference: {fileID: 0}
    - target: {fileID: 5195470060629090933, guid: cafab88eff570fb4998ff8b42a3cf7ee, type: 3}
      propertyPath: m_LocalEulerAnglesHint.y
      value: 0
      objectReference: {fileID: 0}
    - target: {fileID: 5195470060629090933, guid: cafab88eff570fb4998ff8b42a3cf7ee, type: 3}
      propertyPath: m_LocalEulerAnglesHint.z
      value: 0
      objectReference: {fileID: 0}
    m_RemovedComponents: []
  m_SourcePrefab: {fileID: 100100000, guid: cafab88eff570fb4998ff8b42a3cf7ee, type: 3}
--- !u!114 &574898457853012315 stripped
MonoBehaviour:
  m_CorrespondingSourceObject: {fileID: 3530907309464891639, guid: cafab88eff570fb4998ff8b42a3cf7ee, type: 3}
  m_PrefabInstance: {fileID: 3961547423343679916}
  m_PrefabAsset: {fileID: 0}
  m_GameObject: {fileID: 0}
  m_Enabled: 1
  m_EditorHideFlags: 0
  m_Script: {fileID: 11500000, guid: 76dfbda135f95df4da4d262dfe85a98c, type: 3}
  m_Name: 
  m_EditorClassIdentifier: 
--- !u!114 &3953902852757846184 stripped
MonoBehaviour:
  m_CorrespondingSourceObject: {fileID: 10462773709070596, guid: cafab88eff570fb4998ff8b42a3cf7ee, type: 3}
  m_PrefabInstance: {fileID: 3961547423343679916}
  m_PrefabAsset: {fileID: 0}
  m_GameObject: {fileID: 0}
  m_Enabled: 1
  m_EditorHideFlags: 0
  m_Script: {fileID: 11500000, guid: e93b348b39ba494479a46c63530da70d, type: 3}
  m_Name: 
  m_EditorClassIdentifier: 
--- !u!114 &7803529948961109940 stripped
MonoBehaviour:
  m_CorrespondingSourceObject: {fileID: 6535157644384103960, guid: cafab88eff570fb4998ff8b42a3cf7ee, type: 3}
  m_PrefabInstance: {fileID: 3961547423343679916}
  m_PrefabAsset: {fileID: 0}
  m_GameObject: {fileID: 0}
  m_Enabled: 1
  m_EditorHideFlags: 0
  m_Script: {fileID: 11500000, guid: 7f280618000cc174398af93d3a66ae89, type: 3}
  m_Name: 
  m_EditorClassIdentifier: 
--- !u!114 &8233855501238786282 stripped
MonoBehaviour:
  m_CorrespondingSourceObject: {fileID: 4953600670066819398, guid: cafab88eff570fb4998ff8b42a3cf7ee, type: 3}
  m_PrefabInstance: {fileID: 3961547423343679916}
  m_PrefabAsset: {fileID: 0}
  m_GameObject: {fileID: 0}
  m_Enabled: 1
  m_EditorHideFlags: 0
  m_Script: {fileID: 11500000, guid: a366d4b35db54f7187e3b5ee1b7508fb, type: 3}
  m_Name: 
  m_EditorClassIdentifier: 
--- !u!224 &9142371127941331929 stripped
RectTransform:
  m_CorrespondingSourceObject: {fileID: 5195470060629090933, guid: cafab88eff570fb4998ff8b42a3cf7ee, type: 3}
  m_PrefabInstance: {fileID: 3961547423343679916}
  m_PrefabAsset: {fileID: 0}
--- !u!1001 &4879757291723938735
PrefabInstance:
  m_ObjectHideFlags: 0
  serializedVersion: 2
  m_Modification:
    m_TransformParent: {fileID: 618354925792633574}
    m_Modifications:
    - target: {fileID: 1684524658421747446, guid: 9453099d89782034394b5f8662a046e6, type: 3}
      propertyPath: m_Pivot.x
      value: 0.5
      objectReference: {fileID: 0}
    - target: {fileID: 1684524658421747446, guid: 9453099d89782034394b5f8662a046e6, type: 3}
      propertyPath: m_Pivot.y
      value: 0
      objectReference: {fileID: 0}
    - target: {fileID: 1684524658421747446, guid: 9453099d89782034394b5f8662a046e6, type: 3}
      propertyPath: m_RootOrder
      value: 0
      objectReference: {fileID: 0}
    - target: {fileID: 1684524658421747446, guid: 9453099d89782034394b5f8662a046e6, type: 3}
      propertyPath: m_AnchorMax.x
      value: 0.5
      objectReference: {fileID: 0}
    - target: {fileID: 1684524658421747446, guid: 9453099d89782034394b5f8662a046e6, type: 3}
      propertyPath: m_AnchorMax.y
      value: 0
      objectReference: {fileID: 0}
    - target: {fileID: 1684524658421747446, guid: 9453099d89782034394b5f8662a046e6, type: 3}
      propertyPath: m_AnchorMin.x
      value: 0.5
      objectReference: {fileID: 0}
    - target: {fileID: 1684524658421747446, guid: 9453099d89782034394b5f8662a046e6, type: 3}
      propertyPath: m_AnchorMin.y
      value: 0
      objectReference: {fileID: 0}
    - target: {fileID: 1684524658421747446, guid: 9453099d89782034394b5f8662a046e6, type: 3}
      propertyPath: m_SizeDelta.x
      value: 280
      objectReference: {fileID: 0}
    - target: {fileID: 1684524658421747446, guid: 9453099d89782034394b5f8662a046e6, type: 3}
      propertyPath: m_SizeDelta.y
      value: 60
      objectReference: {fileID: 0}
    - target: {fileID: 1684524658421747446, guid: 9453099d89782034394b5f8662a046e6, type: 3}
      propertyPath: m_LocalPosition.x
      value: 0
      objectReference: {fileID: 0}
    - target: {fileID: 1684524658421747446, guid: 9453099d89782034394b5f8662a046e6, type: 3}
      propertyPath: m_LocalPosition.y
      value: 0
      objectReference: {fileID: 0}
    - target: {fileID: 1684524658421747446, guid: 9453099d89782034394b5f8662a046e6, type: 3}
      propertyPath: m_LocalPosition.z
      value: 0
      objectReference: {fileID: 0}
    - target: {fileID: 1684524658421747446, guid: 9453099d89782034394b5f8662a046e6, type: 3}
      propertyPath: m_LocalRotation.w
      value: 1
      objectReference: {fileID: 0}
    - target: {fileID: 1684524658421747446, guid: 9453099d89782034394b5f8662a046e6, type: 3}
      propertyPath: m_LocalRotation.x
      value: -0
      objectReference: {fileID: 0}
    - target: {fileID: 1684524658421747446, guid: 9453099d89782034394b5f8662a046e6, type: 3}
      propertyPath: m_LocalRotation.y
      value: -0
      objectReference: {fileID: 0}
    - target: {fileID: 1684524658421747446, guid: 9453099d89782034394b5f8662a046e6, type: 3}
      propertyPath: m_LocalRotation.z
      value: -0
      objectReference: {fileID: 0}
    - target: {fileID: 1684524658421747446, guid: 9453099d89782034394b5f8662a046e6, type: 3}
      propertyPath: m_AnchoredPosition.x
      value: -11
      objectReference: {fileID: 0}
    - target: {fileID: 1684524658421747446, guid: 9453099d89782034394b5f8662a046e6, type: 3}
      propertyPath: m_AnchoredPosition.y
      value: 20
      objectReference: {fileID: 0}
    - target: {fileID: 1684524658421747446, guid: 9453099d89782034394b5f8662a046e6, type: 3}
      propertyPath: m_LocalEulerAnglesHint.x
      value: 0
      objectReference: {fileID: 0}
    - target: {fileID: 1684524658421747446, guid: 9453099d89782034394b5f8662a046e6, type: 3}
      propertyPath: m_LocalEulerAnglesHint.y
      value: 0
      objectReference: {fileID: 0}
    - target: {fileID: 1684524658421747446, guid: 9453099d89782034394b5f8662a046e6, type: 3}
      propertyPath: m_LocalEulerAnglesHint.z
      value: 0
      objectReference: {fileID: 0}
    - target: {fileID: 1905415588828358182, guid: 9453099d89782034394b5f8662a046e6, type: 3}
      propertyPath: m_text
      value: I need HELP!
      objectReference: {fileID: 0}
    - target: {fileID: 1905415588828358182, guid: 9453099d89782034394b5f8662a046e6, type: 3}
      propertyPath: m_fontSizeBase
      value: 35
      objectReference: {fileID: 0}
    - target: {fileID: 1956598483957335166, guid: 9453099d89782034394b5f8662a046e6, type: 3}
      propertyPath: m_AnchorMax.x
      value: 0.5
      objectReference: {fileID: 0}
    - target: {fileID: 1956598483957335166, guid: 9453099d89782034394b5f8662a046e6, type: 3}
      propertyPath: m_AnchorMin.x
      value: 0.5
      objectReference: {fileID: 0}
    - target: {fileID: 1956598483957335166, guid: 9453099d89782034394b5f8662a046e6, type: 3}
      propertyPath: m_AnchoredPosition.x
      value: 0
      objectReference: {fileID: 0}
    - target: {fileID: 3820335951272514496, guid: 9453099d89782034394b5f8662a046e6, type: 3}
      propertyPath: m_text
      value: I need HELP!
      objectReference: {fileID: 0}
    - target: {fileID: 3820335951272514496, guid: 9453099d89782034394b5f8662a046e6, type: 3}
      propertyPath: m_fontSizeBase
      value: 35
      objectReference: {fileID: 0}
    - target: {fileID: 5105850731569696435, guid: 9453099d89782034394b5f8662a046e6, type: 3}
      propertyPath: m_AnchorMax.x
      value: 0.5
      objectReference: {fileID: 0}
    - target: {fileID: 5105850731569696435, guid: 9453099d89782034394b5f8662a046e6, type: 3}
      propertyPath: m_AnchorMin.x
      value: 0.5
      objectReference: {fileID: 0}
    - target: {fileID: 5105850731569696435, guid: 9453099d89782034394b5f8662a046e6, type: 3}
      propertyPath: m_AnchoredPosition.x
      value: 0
      objectReference: {fileID: 0}
    - target: {fileID: 6479415800660643798, guid: 9453099d89782034394b5f8662a046e6, type: 3}
      propertyPath: m_Name
      value: UIEmotionMessage
      objectReference: {fileID: 0}
    - target: {fileID: 8389479890683588251, guid: 9453099d89782034394b5f8662a046e6, type: 3}
      propertyPath: _scale.x
      value: 1.2
      objectReference: {fileID: 0}
    - target: {fileID: 8389479890683588251, guid: 9453099d89782034394b5f8662a046e6, type: 3}
      propertyPath: _scale.y
      value: 1.2
      objectReference: {fileID: 0}
    - target: {fileID: 8389479890683588251, guid: 9453099d89782034394b5f8662a046e6, type: 3}
      propertyPath: _scale.z
      value: 1.2
      objectReference: {fileID: 0}
    m_RemovedComponents: []
  m_SourcePrefab: {fileID: 100100000, guid: 9453099d89782034394b5f8662a046e6, type: 3}
--- !u!1 &1897109664512709753 stripped
GameObject:
  m_CorrespondingSourceObject: {fileID: 6479415800660643798, guid: 9453099d89782034394b5f8662a046e6, type: 3}
  m_PrefabInstance: {fileID: 4879757291723938735}
  m_PrefabAsset: {fileID: 0}
--- !u!1 &5153100499636283866 stripped
GameObject:
  m_CorrespondingSourceObject: {fileID: 304869273802027637, guid: 9453099d89782034394b5f8662a046e6, type: 3}
  m_PrefabInstance: {fileID: 4879757291723938735}
  m_PrefabAsset: {fileID: 0}
--- !u!114 &6802884288756301576
MonoBehaviour:
  m_ObjectHideFlags: 0
  m_CorrespondingSourceObject: {fileID: 0}
  m_PrefabInstance: {fileID: 0}
  m_PrefabAsset: {fileID: 0}
  m_GameObject: {fileID: 5153100499636283866}
  m_Enabled: 1
  m_EditorHideFlags: 0
  m_Script: {fileID: 11500000, guid: 306cc8c2b49d7114eaa3623786fc2126, type: 3}
  m_Name: 
  m_EditorClassIdentifier: 
  m_IgnoreLayout: 0
  m_MinWidth: 65
  m_MinHeight: -1
  m_PreferredWidth: 65
  m_PreferredHeight: -1
  m_FlexibleWidth: -1
  m_FlexibleHeight: -1
  m_LayoutPriority: 1
--- !u!224 &6113851068101072217 stripped
RectTransform:
  m_CorrespondingSourceObject: {fileID: 1684524658421747446, guid: 9453099d89782034394b5f8662a046e6, type: 3}
  m_PrefabInstance: {fileID: 4879757291723938735}
  m_PrefabAsset: {fileID: 0}
--- !u!114 &6469706767315565961 stripped
MonoBehaviour:
  m_CorrespondingSourceObject: {fileID: 1905415588828358182, guid: 9453099d89782034394b5f8662a046e6, type: 3}
  m_PrefabInstance: {fileID: 4879757291723938735}
  m_PrefabAsset: {fileID: 0}
  m_GameObject: {fileID: 0}
  m_Enabled: 1
  m_EditorHideFlags: 0
  m_Script: {fileID: 11500000, guid: f4688fdb7df04437aeb418b961361dc5, type: 3}
  m_Name: 
  m_EditorClassIdentifier: 
--- !u!114 &6772705439696243460 stripped
MonoBehaviour:
  m_CorrespondingSourceObject: {fileID: 2181179083073818795, guid: 9453099d89782034394b5f8662a046e6, type: 3}
  m_PrefabInstance: {fileID: 4879757291723938735}
  m_PrefabAsset: {fileID: 0}
  m_GameObject: {fileID: 5153100499636283866}
  m_Enabled: 1
  m_EditorHideFlags: 0
  m_Script: {fileID: 11500000, guid: fe87c0e1cc204ed48ad3b37840f39efc, type: 3}
  m_Name: 
  m_EditorClassIdentifier: 
--- !u!114 &6938033497541516882 stripped
MonoBehaviour:
  m_CorrespondingSourceObject: {fileID: 2589774105786631677, guid: 9453099d89782034394b5f8662a046e6, type: 3}
  m_PrefabInstance: {fileID: 4879757291723938735}
  m_PrefabAsset: {fileID: 0}
  m_GameObject: {fileID: 8235792357144925527}
  m_Enabled: 1
  m_EditorHideFlags: 0
  m_Script: {fileID: 11500000, guid: fe87c0e1cc204ed48ad3b37840f39efc, type: 3}
  m_Name: 
  m_EditorClassIdentifier: 
--- !u!1 &8235792357144925527 stripped
GameObject:
  m_CorrespondingSourceObject: {fileID: 3599230305108741880, guid: 9453099d89782034394b5f8662a046e6, type: 3}
  m_PrefabInstance: {fileID: 4879757291723938735}
  m_PrefabAsset: {fileID: 0}
--- !u!114 &8387095441196915175
MonoBehaviour:
  m_ObjectHideFlags: 0
  m_CorrespondingSourceObject: {fileID: 0}
  m_PrefabInstance: {fileID: 0}
  m_PrefabAsset: {fileID: 0}
  m_GameObject: {fileID: 8235792357144925527}
  m_Enabled: 1
  m_EditorHideFlags: 0
  m_Script: {fileID: 11500000, guid: 306cc8c2b49d7114eaa3623786fc2126, type: 3}
  m_Name: 
  m_EditorClassIdentifier: 
  m_IgnoreLayout: 0
  m_MinWidth: 106
  m_MinHeight: -1
  m_PreferredWidth: 106
  m_PreferredHeight: -1
  m_FlexibleWidth: -1
  m_FlexibleHeight: -1
  m_LayoutPriority: 1
--- !u!114 &8555975254526347375 stripped
MonoBehaviour:
  m_CorrespondingSourceObject: {fileID: 3820335951272514496, guid: 9453099d89782034394b5f8662a046e6, type: 3}
  m_PrefabInstance: {fileID: 4879757291723938735}
  m_PrefabAsset: {fileID: 0}
  m_GameObject: {fileID: 0}
  m_Enabled: 1
  m_EditorHideFlags: 0
  m_Script: {fileID: 11500000, guid: f4688fdb7df04437aeb418b961361dc5, type: 3}
  m_Name: 
  m_EditorClassIdentifier: 
--- !u!1001 &5704238749586361791
PrefabInstance:
  m_ObjectHideFlags: 0
  serializedVersion: 2
  m_Modification:
    m_TransformParent: {fileID: 7798836156247134294}
    m_Modifications:
    - target: {fileID: 1666568086986528083, guid: 86c86dd368de44868b2d61d6da2ad4c0, type: 3}
      propertyPath: m_Enabled
      value: 0
      objectReference: {fileID: 0}
    - target: {fileID: 2039008240706538375, guid: 86c86dd368de44868b2d61d6da2ad4c0, type: 3}
      propertyPath: m_Name
      value: UI_VFX_Container
      objectReference: {fileID: 0}
    - target: {fileID: 5031969090098278830, guid: 86c86dd368de44868b2d61d6da2ad4c0, type: 3}
      propertyPath: m_Enabled
      value: 0
      objectReference: {fileID: 0}
    - target: {fileID: 7263044228463584158, guid: 86c86dd368de44868b2d61d6da2ad4c0, type: 3}
      propertyPath: m_Enabled
      value: 0
      objectReference: {fileID: 0}
    - target: {fileID: 7895717709549420304, guid: 86c86dd368de44868b2d61d6da2ad4c0, type: 3}
      propertyPath: m_Pivot.x
      value: 0.5
      objectReference: {fileID: 0}
    - target: {fileID: 7895717709549420304, guid: 86c86dd368de44868b2d61d6da2ad4c0, type: 3}
      propertyPath: m_Pivot.y
      value: 0.5
      objectReference: {fileID: 0}
    - target: {fileID: 7895717709549420304, guid: 86c86dd368de44868b2d61d6da2ad4c0, type: 3}
      propertyPath: m_RootOrder
      value: 2
      objectReference: {fileID: 0}
    - target: {fileID: 7895717709549420304, guid: 86c86dd368de44868b2d61d6da2ad4c0, type: 3}
      propertyPath: m_AnchorMax.x
      value: 0.5
      objectReference: {fileID: 0}
    - target: {fileID: 7895717709549420304, guid: 86c86dd368de44868b2d61d6da2ad4c0, type: 3}
      propertyPath: m_AnchorMax.y
      value: 0.5
      objectReference: {fileID: 0}
    - target: {fileID: 7895717709549420304, guid: 86c86dd368de44868b2d61d6da2ad4c0, type: 3}
      propertyPath: m_AnchorMin.x
      value: 0.5
      objectReference: {fileID: 0}
    - target: {fileID: 7895717709549420304, guid: 86c86dd368de44868b2d61d6da2ad4c0, type: 3}
      propertyPath: m_AnchorMin.y
      value: 0.5
      objectReference: {fileID: 0}
    - target: {fileID: 7895717709549420304, guid: 86c86dd368de44868b2d61d6da2ad4c0, type: 3}
      propertyPath: m_SizeDelta.x
      value: 1
      objectReference: {fileID: 0}
    - target: {fileID: 7895717709549420304, guid: 86c86dd368de44868b2d61d6da2ad4c0, type: 3}
      propertyPath: m_SizeDelta.y
      value: 1
      objectReference: {fileID: 0}
    - target: {fileID: 7895717709549420304, guid: 86c86dd368de44868b2d61d6da2ad4c0, type: 3}
      propertyPath: m_LocalPosition.x
      value: 0
      objectReference: {fileID: 0}
    - target: {fileID: 7895717709549420304, guid: 86c86dd368de44868b2d61d6da2ad4c0, type: 3}
      propertyPath: m_LocalPosition.y
      value: 0
      objectReference: {fileID: 0}
    - target: {fileID: 7895717709549420304, guid: 86c86dd368de44868b2d61d6da2ad4c0, type: 3}
      propertyPath: m_LocalPosition.z
      value: 0
      objectReference: {fileID: 0}
    - target: {fileID: 7895717709549420304, guid: 86c86dd368de44868b2d61d6da2ad4c0, type: 3}
      propertyPath: m_LocalRotation.w
      value: 1
      objectReference: {fileID: 0}
    - target: {fileID: 7895717709549420304, guid: 86c86dd368de44868b2d61d6da2ad4c0, type: 3}
      propertyPath: m_LocalRotation.x
      value: -0
      objectReference: {fileID: 0}
    - target: {fileID: 7895717709549420304, guid: 86c86dd368de44868b2d61d6da2ad4c0, type: 3}
      propertyPath: m_LocalRotation.y
      value: -0
      objectReference: {fileID: 0}
    - target: {fileID: 7895717709549420304, guid: 86c86dd368de44868b2d61d6da2ad4c0, type: 3}
      propertyPath: m_LocalRotation.z
      value: -0
      objectReference: {fileID: 0}
    - target: {fileID: 7895717709549420304, guid: 86c86dd368de44868b2d61d6da2ad4c0, type: 3}
      propertyPath: m_AnchoredPosition.x
      value: 0
      objectReference: {fileID: 0}
    - target: {fileID: 7895717709549420304, guid: 86c86dd368de44868b2d61d6da2ad4c0, type: 3}
      propertyPath: m_AnchoredPosition.y
      value: 0.3
      objectReference: {fileID: 0}
    - target: {fileID: 7895717709549420304, guid: 86c86dd368de44868b2d61d6da2ad4c0, type: 3}
      propertyPath: m_LocalEulerAnglesHint.x
      value: 0
      objectReference: {fileID: 0}
    - target: {fileID: 7895717709549420304, guid: 86c86dd368de44868b2d61d6da2ad4c0, type: 3}
      propertyPath: m_LocalEulerAnglesHint.y
      value: 0
      objectReference: {fileID: 0}
    - target: {fileID: 7895717709549420304, guid: 86c86dd368de44868b2d61d6da2ad4c0, type: 3}
      propertyPath: m_LocalEulerAnglesHint.z
      value: 0
      objectReference: {fileID: 0}
    m_RemovedComponents: []
  m_SourcePrefab: {fileID: 100100000, guid: 86c86dd368de44868b2d61d6da2ad4c0, type: 3}
--- !u!224 &2502523133582979759 stripped
RectTransform:
  m_CorrespondingSourceObject: {fileID: 7895717709549420304, guid: 86c86dd368de44868b2d61d6da2ad4c0, type: 3}
  m_PrefabInstance: {fileID: 5704238749586361791}
  m_PrefabAsset: {fileID: 0}
--- !u!1001 &7816018614730534875
PrefabInstance:
  m_ObjectHideFlags: 0
  serializedVersion: 2
  m_Modification:
    m_TransformParent: {fileID: 2502523133582979759}
    m_Modifications:
    - target: {fileID: 3162198343918547863, guid: c619fca3a1a95aa4c9e4405ba0cdafb9, type: 3}
      propertyPath: m_Pivot.x
      value: 0.5
      objectReference: {fileID: 0}
    - target: {fileID: 3162198343918547863, guid: c619fca3a1a95aa4c9e4405ba0cdafb9, type: 3}
      propertyPath: m_Pivot.y
      value: 0
      objectReference: {fileID: 0}
    - target: {fileID: 3162198343918547863, guid: c619fca3a1a95aa4c9e4405ba0cdafb9, type: 3}
      propertyPath: m_RootOrder
      value: 0
      objectReference: {fileID: 0}
    - target: {fileID: 3162198343918547863, guid: c619fca3a1a95aa4c9e4405ba0cdafb9, type: 3}
      propertyPath: m_AnchorMax.x
      value: 0.5
      objectReference: {fileID: 0}
    - target: {fileID: 3162198343918547863, guid: c619fca3a1a95aa4c9e4405ba0cdafb9, type: 3}
      propertyPath: m_AnchorMax.y
      value: 1
      objectReference: {fileID: 0}
    - target: {fileID: 3162198343918547863, guid: c619fca3a1a95aa4c9e4405ba0cdafb9, type: 3}
      propertyPath: m_AnchorMin.x
      value: 0.5
      objectReference: {fileID: 0}
    - target: {fileID: 3162198343918547863, guid: c619fca3a1a95aa4c9e4405ba0cdafb9, type: 3}
      propertyPath: m_AnchorMin.y
      value: 1
      objectReference: {fileID: 0}
    - target: {fileID: 3162198343918547863, guid: c619fca3a1a95aa4c9e4405ba0cdafb9, type: 3}
      propertyPath: m_SizeDelta.x
      value: 0
      objectReference: {fileID: 0}
    - target: {fileID: 3162198343918547863, guid: c619fca3a1a95aa4c9e4405ba0cdafb9, type: 3}
      propertyPath: m_SizeDelta.y
      value: 46
      objectReference: {fileID: 0}
    - target: {fileID: 3162198343918547863, guid: c619fca3a1a95aa4c9e4405ba0cdafb9, type: 3}
      propertyPath: m_LocalScale.x
      value: 0.007
      objectReference: {fileID: 0}
    - target: {fileID: 3162198343918547863, guid: c619fca3a1a95aa4c9e4405ba0cdafb9, type: 3}
      propertyPath: m_LocalScale.y
      value: 0.007
      objectReference: {fileID: 0}
    - target: {fileID: 3162198343918547863, guid: c619fca3a1a95aa4c9e4405ba0cdafb9, type: 3}
      propertyPath: m_LocalScale.z
      value: 0.007
      objectReference: {fileID: 0}
    - target: {fileID: 3162198343918547863, guid: c619fca3a1a95aa4c9e4405ba0cdafb9, type: 3}
      propertyPath: m_LocalPosition.x
      value: 0
      objectReference: {fileID: 0}
    - target: {fileID: 3162198343918547863, guid: c619fca3a1a95aa4c9e4405ba0cdafb9, type: 3}
      propertyPath: m_LocalPosition.y
      value: 0
      objectReference: {fileID: 0}
    - target: {fileID: 3162198343918547863, guid: c619fca3a1a95aa4c9e4405ba0cdafb9, type: 3}
      propertyPath: m_LocalPosition.z
      value: 0
      objectReference: {fileID: 0}
    - target: {fileID: 3162198343918547863, guid: c619fca3a1a95aa4c9e4405ba0cdafb9, type: 3}
      propertyPath: m_LocalRotation.w
      value: 1
      objectReference: {fileID: 0}
    - target: {fileID: 3162198343918547863, guid: c619fca3a1a95aa4c9e4405ba0cdafb9, type: 3}
      propertyPath: m_LocalRotation.x
      value: -0
      objectReference: {fileID: 0}
    - target: {fileID: 3162198343918547863, guid: c619fca3a1a95aa4c9e4405ba0cdafb9, type: 3}
      propertyPath: m_LocalRotation.y
      value: -0
      objectReference: {fileID: 0}
    - target: {fileID: 3162198343918547863, guid: c619fca3a1a95aa4c9e4405ba0cdafb9, type: 3}
      propertyPath: m_LocalRotation.z
      value: -0
      objectReference: {fileID: 0}
    - target: {fileID: 3162198343918547863, guid: c619fca3a1a95aa4c9e4405ba0cdafb9, type: 3}
      propertyPath: m_AnchoredPosition.x
      value: 0
      objectReference: {fileID: 0}
    - target: {fileID: 3162198343918547863, guid: c619fca3a1a95aa4c9e4405ba0cdafb9, type: 3}
      propertyPath: m_AnchoredPosition.y
      value: -0.045
      objectReference: {fileID: 0}
    - target: {fileID: 3162198343918547863, guid: c619fca3a1a95aa4c9e4405ba0cdafb9, type: 3}
      propertyPath: m_LocalEulerAnglesHint.x
      value: 0
      objectReference: {fileID: 0}
    - target: {fileID: 3162198343918547863, guid: c619fca3a1a95aa4c9e4405ba0cdafb9, type: 3}
      propertyPath: m_LocalEulerAnglesHint.y
      value: 0
      objectReference: {fileID: 0}
    - target: {fileID: 3162198343918547863, guid: c619fca3a1a95aa4c9e4405ba0cdafb9, type: 3}
      propertyPath: m_LocalEulerAnglesHint.z
      value: 0
      objectReference: {fileID: 0}
    - target: {fileID: 5925138589859288637, guid: c619fca3a1a95aa4c9e4405ba0cdafb9, type: 3}
      propertyPath: m_Name
      value: EnemyEffectsView
      objectReference: {fileID: 0}
    m_RemovedComponents: []
  m_SourcePrefab: {fileID: 100100000, guid: c619fca3a1a95aa4c9e4405ba0cdafb9, type: 3}
--- !u!114 &7458487704760244577 stripped
MonoBehaviour:
  m_CorrespondingSourceObject: {fileID: 862945688558827194, guid: c619fca3a1a95aa4c9e4405ba0cdafb9, type: 3}
  m_PrefabInstance: {fileID: 7816018614730534875}
  m_PrefabAsset: {fileID: 0}
  m_GameObject: {fileID: 0}
  m_Enabled: 1
  m_EditorHideFlags: 0
  m_Script: {fileID: 11500000, guid: eafe03c7a419439781488ac6936f6b14, type: 3}
  m_Name: 
  m_EditorClassIdentifier: 
--- !u!1001 &8712120504016103278
PrefabInstance:
  m_ObjectHideFlags: 0
  serializedVersion: 2
  m_Modification:
    m_TransformParent: {fileID: 7798836156247134294}
    m_Modifications:
    - target: {fileID: 285753499128038832, guid: 923cc5bbdbffed84daacc1f82db785a2, type: 3}
      propertyPath: m_IsActive
      value: 0
      objectReference: {fileID: 0}
    - target: {fileID: 945679942648357442, guid: 923cc5bbdbffed84daacc1f82db785a2, type: 3}
      propertyPath: m_Pivot.x
      value: 0.5
      objectReference: {fileID: 0}
    - target: {fileID: 945679942648357442, guid: 923cc5bbdbffed84daacc1f82db785a2, type: 3}
      propertyPath: m_Pivot.y
      value: 0.5
      objectReference: {fileID: 0}
    - target: {fileID: 945679942648357442, guid: 923cc5bbdbffed84daacc1f82db785a2, type: 3}
      propertyPath: m_RootOrder
      value: 3
      objectReference: {fileID: 0}
    - target: {fileID: 945679942648357442, guid: 923cc5bbdbffed84daacc1f82db785a2, type: 3}
      propertyPath: m_AnchorMax.x
      value: 0.5
      objectReference: {fileID: 0}
    - target: {fileID: 945679942648357442, guid: 923cc5bbdbffed84daacc1f82db785a2, type: 3}
      propertyPath: m_AnchorMax.y
      value: 0.5
      objectReference: {fileID: 0}
    - target: {fileID: 945679942648357442, guid: 923cc5bbdbffed84daacc1f82db785a2, type: 3}
      propertyPath: m_AnchorMin.x
      value: 0.5
      objectReference: {fileID: 0}
    - target: {fileID: 945679942648357442, guid: 923cc5bbdbffed84daacc1f82db785a2, type: 3}
      propertyPath: m_AnchorMin.y
      value: 0.5
      objectReference: {fileID: 0}
    - target: {fileID: 945679942648357442, guid: 923cc5bbdbffed84daacc1f82db785a2, type: 3}
      propertyPath: m_SizeDelta.x
      value: 1.2
      objectReference: {fileID: 0}
    - target: {fileID: 945679942648357442, guid: 923cc5bbdbffed84daacc1f82db785a2, type: 3}
      propertyPath: m_SizeDelta.y
      value: 0.4
      objectReference: {fileID: 0}
    - target: {fileID: 945679942648357442, guid: 923cc5bbdbffed84daacc1f82db785a2, type: 3}
      propertyPath: m_LocalPosition.x
      value: 0
      objectReference: {fileID: 0}
    - target: {fileID: 945679942648357442, guid: 923cc5bbdbffed84daacc1f82db785a2, type: 3}
      propertyPath: m_LocalPosition.y
      value: 0
      objectReference: {fileID: 0}
    - target: {fileID: 945679942648357442, guid: 923cc5bbdbffed84daacc1f82db785a2, type: 3}
      propertyPath: m_LocalPosition.z
      value: 0
      objectReference: {fileID: 0}
    - target: {fileID: 945679942648357442, guid: 923cc5bbdbffed84daacc1f82db785a2, type: 3}
      propertyPath: m_LocalRotation.w
      value: 1
      objectReference: {fileID: 0}
    - target: {fileID: 945679942648357442, guid: 923cc5bbdbffed84daacc1f82db785a2, type: 3}
      propertyPath: m_LocalRotation.x
      value: 0
      objectReference: {fileID: 0}
    - target: {fileID: 945679942648357442, guid: 923cc5bbdbffed84daacc1f82db785a2, type: 3}
      propertyPath: m_LocalRotation.y
      value: 0
      objectReference: {fileID: 0}
    - target: {fileID: 945679942648357442, guid: 923cc5bbdbffed84daacc1f82db785a2, type: 3}
      propertyPath: m_LocalRotation.z
      value: 0
      objectReference: {fileID: 0}
    - target: {fileID: 945679942648357442, guid: 923cc5bbdbffed84daacc1f82db785a2, type: 3}
      propertyPath: m_AnchoredPosition.x
      value: 0
      objectReference: {fileID: 0}
    - target: {fileID: 945679942648357442, guid: 923cc5bbdbffed84daacc1f82db785a2, type: 3}
      propertyPath: m_AnchoredPosition.y
      value: 0.3
      objectReference: {fileID: 0}
    - target: {fileID: 945679942648357442, guid: 923cc5bbdbffed84daacc1f82db785a2, type: 3}
      propertyPath: m_LocalEulerAnglesHint.x
      value: 0
      objectReference: {fileID: 0}
    - target: {fileID: 945679942648357442, guid: 923cc5bbdbffed84daacc1f82db785a2, type: 3}
      propertyPath: m_LocalEulerAnglesHint.y
      value: 0
      objectReference: {fileID: 0}
    - target: {fileID: 945679942648357442, guid: 923cc5bbdbffed84daacc1f82db785a2, type: 3}
      propertyPath: m_LocalEulerAnglesHint.z
      value: 0
      objectReference: {fileID: 0}
    - target: {fileID: 1392604964689358631, guid: 923cc5bbdbffed84daacc1f82db785a2, type: 3}
      propertyPath: m_IsActive
      value: 0
      objectReference: {fileID: 0}
    - target: {fileID: 1473309655309348032, guid: 923cc5bbdbffed84daacc1f82db785a2, type: 3}
      propertyPath: m_fontSize
      value: 25
      objectReference: {fileID: 0}
    - target: {fileID: 1473309655309348032, guid: 923cc5bbdbffed84daacc1f82db785a2, type: 3}
      propertyPath: m_fontSizeBase
      value: 25
      objectReference: {fileID: 0}
    - target: {fileID: 2201841095217216193, guid: 923cc5bbdbffed84daacc1f82db785a2, type: 3}
      propertyPath: m_AnchorMax.y
      value: 1
      objectReference: {fileID: 0}
    - target: {fileID: 2201841095217216193, guid: 923cc5bbdbffed84daacc1f82db785a2, type: 3}
      propertyPath: m_AnchorMin.y
      value: 1
      objectReference: {fileID: 0}
    - target: {fileID: 2201841095217216193, guid: 923cc5bbdbffed84daacc1f82db785a2, type: 3}
      propertyPath: m_AnchoredPosition.x
      value: 24
      objectReference: {fileID: 0}
    - target: {fileID: 2201841095217216193, guid: 923cc5bbdbffed84daacc1f82db785a2, type: 3}
      propertyPath: m_AnchoredPosition.y
      value: -23.52
      objectReference: {fileID: 0}
    - target: {fileID: 2474646146443744786, guid: 923cc5bbdbffed84daacc1f82db785a2, type: 3}
      propertyPath: m_LocalScale.x
      value: 0.007
      objectReference: {fileID: 0}
    - target: {fileID: 2474646146443744786, guid: 923cc5bbdbffed84daacc1f82db785a2, type: 3}
      propertyPath: m_LocalScale.y
      value: 0.007
      objectReference: {fileID: 0}
    - target: {fileID: 2474646146443744786, guid: 923cc5bbdbffed84daacc1f82db785a2, type: 3}
      propertyPath: m_LocalScale.z
      value: 0.007
      objectReference: {fileID: 0}
    - target: {fileID: 2474646146443744786, guid: 923cc5bbdbffed84daacc1f82db785a2, type: 3}
      propertyPath: m_AnchoredPosition.x
      value: 0.5
      objectReference: {fileID: 0}
    - target: {fileID: 2474646146443744786, guid: 923cc5bbdbffed84daacc1f82db785a2, type: 3}
      propertyPath: m_AnchoredPosition.y
      value: -0.54
      objectReference: {fileID: 0}
    - target: {fileID: 4425528593973604766, guid: 923cc5bbdbffed84daacc1f82db785a2, type: 3}
      propertyPath: m_IsActive
      value: 1
      objectReference: {fileID: 0}
    - target: {fileID: 4762027985002711391, guid: 923cc5bbdbffed84daacc1f82db785a2, type: 3}
      propertyPath: m_Name
      value: BulletsView
      objectReference: {fileID: 0}
    - target: {fileID: 5045354224419248402, guid: 923cc5bbdbffed84daacc1f82db785a2, type: 3}
      propertyPath: m_IsActive
      value: 0
      objectReference: {fileID: 0}
    - target: {fileID: 5583477658996341924, guid: 923cc5bbdbffed84daacc1f82db785a2, type: 3}
      propertyPath: m_AnchorMax.y
      value: 1
      objectReference: {fileID: 0}
    - target: {fileID: 5583477658996341924, guid: 923cc5bbdbffed84daacc1f82db785a2, type: 3}
      propertyPath: m_AnchorMin.y
      value: 1
      objectReference: {fileID: 0}
    - target: {fileID: 5583477658996341924, guid: 923cc5bbdbffed84daacc1f82db785a2, type: 3}
      propertyPath: m_AnchoredPosition.x
      value: 88
      objectReference: {fileID: 0}
    - target: {fileID: 5583477658996341924, guid: 923cc5bbdbffed84daacc1f82db785a2, type: 3}
      propertyPath: m_AnchoredPosition.y
      value: -25
      objectReference: {fileID: 0}
    - target: {fileID: 5874221340767633566, guid: 923cc5bbdbffed84daacc1f82db785a2, type: 3}
      propertyPath: m_AnchorMax.y
      value: 0
      objectReference: {fileID: 0}
    - target: {fileID: 5874221340767633566, guid: 923cc5bbdbffed84daacc1f82db785a2, type: 3}
      propertyPath: m_AnchorMin.y
      value: 0
      objectReference: {fileID: 0}
    - target: {fileID: 5874221340767633566, guid: 923cc5bbdbffed84daacc1f82db785a2, type: 3}
      propertyPath: m_AnchoredPosition.x
      value: 0
      objectReference: {fileID: 0}
    - target: {fileID: 5874221340767633566, guid: 923cc5bbdbffed84daacc1f82db785a2, type: 3}
      propertyPath: m_AnchoredPosition.y
      value: 0
      objectReference: {fileID: 0}
    - target: {fileID: 6971672229370604839, guid: 923cc5bbdbffed84daacc1f82db785a2, type: 3}
      propertyPath: m_text
      value: 9.99
      objectReference: {fileID: 0}
    - target: {fileID: 6971672229370604839, guid: 923cc5bbdbffed84daacc1f82db785a2, type: 3}
      propertyPath: m_fontSize
      value: 25
      objectReference: {fileID: 0}
    - target: {fileID: 6971672229370604839, guid: 923cc5bbdbffed84daacc1f82db785a2, type: 3}
      propertyPath: m_fontSizeBase
      value: 25
      objectReference: {fileID: 0}
    m_RemovedComponents: []
  m_SourcePrefab: {fileID: 100100000, guid: 923cc5bbdbffed84daacc1f82db785a2, type: 3}
--- !u!114 &5379541035967690608 stripped
MonoBehaviour:
  m_CorrespondingSourceObject: {fileID: 3620985778583851038, guid: 923cc5bbdbffed84daacc1f82db785a2, type: 3}
  m_PrefabInstance: {fileID: 8712120504016103278}
  m_PrefabAsset: {fileID: 0}
  m_GameObject: {fileID: 0}
  m_Enabled: 1
  m_EditorHideFlags: 0
  m_Script: {fileID: 11500000, guid: eab757e296770d143a366673d36536c0, type: 3}
  m_Name: 
  m_EditorClassIdentifier: 
--- !u!224 &8500563629224133932 stripped
RectTransform:
  m_CorrespondingSourceObject: {fileID: 945679942648357442, guid: 923cc5bbdbffed84daacc1f82db785a2, type: 3}
  m_PrefabInstance: {fileID: 8712120504016103278}
  m_PrefabAsset: {fileID: 0}
